 Dungeon Crawl Stone Soup version 0.22-a0-240-g539252a (webtiles) character file.

12391 wolfsongas the Thaumaturge (level 11, -2/124 HPs)
             Began as a Gnoll Wizard on Feb 22, 2018.
             Was an Elder of Sif Muna.
             Slain by an eight-headed hydra (9 damage)
             ... on level 2 of the Lair of Beasts.
             The game lasted 00:40:21 (13787 turns).

wolfsongas the Thaumaturge (Gnoll Wizard)          Turns: 13787, Time: 00:40:21

Health: -2/124     AC: 30    Str: 13    XL:     11   Next: 92%
Magic:  3/11       EV:  2    Int: 23    God:    Sif Muna [****..]
Gold:   585        SH:  2    Dex: 20    Spells: 18/29 levels left

rFire    . . .     SeeInvis .   E - +11 long sword "Raheat" {antimagic, rPois rC- MR++ Dex+4}
rCold    x . .     Gourm    .   (no shield)
rNeg     + + +     Faith    .   (armour currently unavailable)
rPois    +         Spirit   .   (helmet currently unavailable)
rElec    .         Reflect  +   (cloak currently unavailable)
rCorr    .         Harm     .   (gloves currently unavailable)
MR       +++..     NoTele   +   (boots currently unavailable)
Stlth    +++++.....             A - amulet of Ifriuveh {Reflect *Contam MR+ Str+3 SH+2}
HPRegen  0.30/turn              b - +5 ring of protection
MPRegen  0.12/turn              j - ring of magical power

@: tree-form, divine energy
A: distributed training, thin skeletal structure 1, strong nose
a: Stop Divine Energy, Channel Magic, Forget Spell, Renounce Religion


You were on level 2 of the Lair of Beasts.
You worshipped Sif Muna.
Sif Muna was greatly pleased with you.
You were not hungry.
You were a tree.
You visited 3 branches of the dungeon, and saw 14 of its levels.

You collected 585 gold pieces.

Inventory:

Hand Weapons
 E - the +11 long sword "Raheat" (weapon) {antimagic, rPois rC- MR++ Dex+4}
   (You found it on level 8 of the Dungeon)

   It reduces the magical energy of the wielder, and disrupts the spells and
   magical abilities of those hit.
   Natural abilities and divine invocations are not affected.
   It affects your dexterity (+4).
   It makes you vulnerable to cold.
   It protects you from poison.
   It affects your resistance to hostile enchantments.
Armour
 m - a +1 pair of boots (melded)
 o - a +1 ring mail of fire resistance (melded)
 q - a +2 pair of gloves (melded)
 r - a +2 hat (melded)
 C - the +2 leather armour "Osam" {rF+++ Str-2 Dex+5}
   (You found it on level 7 of the Dungeon)

   It affects your strength (-2).
   It affects your dexterity (+5).
   It renders you almost immune to fire.
Magical Staves
 B - an uncursed staff of power
Jewellery
 b - a +5 ring of protection (left branch)
 e - an uncursed ring of ice
 j - a ring of magical power (right branch)
 x - an uncursed ring of protection from magic
 A - the amulet of Ifriuveh (around neck) {Reflect *Contam MR+ Str+3 SH+2}
   (You took it off a centaur on level 8 of the Dungeon)

   [amulet of reflection]

   It shields you and reflects attacks.
   It affects your strength (+3).
   It affects your resistance to hostile enchantments.
   It causes magical contamination when unequipped.
   It affects your SH (+2).
Wands
 l - a wand of scattershot (1)
 y - a wand of paralysis (12)
Scrolls
 a - 9 scrolls of amnesia
 u - 2 scrolls of enchant weapon
 v - a scroll of magic mapping
 w - a scroll of identify
 F - 2 scrolls of enchant armour
 G - 4 scrolls of remove curse
Potions
 d - a potion of mutation
 f - 2 potions of brilliance
 h - 4 potions of flight
 i - a potion of heal wounds
 k - a potion of might
 s - a potion of curing
 t - a potion of resistance
Comestibles
 c - 13 rations


   Skills:
 + Level 6.6 Fighting
 + Level 6.6 Short Blades
 + Level 6.6 Long Blades
 + Level 6.6 Axes
 + Level 6.6 Maces & Flails
 + Level 6.6 Polearms
 + Level 6.6 Staves
 + Level 6.6 Slings
 + Level 6.6 Bows
 + Level 6.6 Crossbows
 + Level 6.6 Throwing
 + Level 6.6 Armour
 + Level 8.1 Dodging
 + Level 7.9 Stealth
 + Level 6.6 Shields
 + Level 6.6 Unarmed Combat
 + Level 9.8 Spellcasting
 + Level 5.9 Conjurations
 + Level 5.5 Hexes
 + Level 5.5 Charms
 + Level 5.9 Summonings
 + Level 5.5 Necromancy
 + Level 5.9 Translocations
 + Level 5.5 Transmutations
 + Level 5.5 Fire Magic
 + Level 5.5 Ice Magic
 + Level 5.5 Air Magic
 + Level 5.5 Earth Magic
 + Level 5.5 Poison Magic
 + Level 7.2 Invocations
 + Level 6.6 Evocations


You had 18 spell levels left.
You knew the following spells:

 Your Spells              Type           Power        Failure   Level  Hunger
a - Magic Dart            Conj           ####         1%          1    None
b - Blink                 Tloc           N/A          1%          2    None
c - Summon Ice Beast      Ice/Summ       #####...     5%          4    ##.....
d - Summon Lightning Spi  Summ/Air       #####...     5%          4    ##.....


Dungeon Overview and Level Annotations

Branches:
Dungeon (11/15)            Temple (1/1) D:4            Lair (2/6) D:11
    Orc (0/2) D:11
  Swamp: Lair:2-4    Shoals: Lair:2-4     Snake: Lair:2-4    Spider: Lair:2-4

Altars:
Ashenzari
Cheibriados
Dithmenos
Fedhas
Gozag
Hepliaklqana
Makhleb
Nemelex Xobeh
Okawaru
Ru
Sif Muna
Trog
Uskayaw
Vehumet
Wu Jian
Xom
Yredelemnul
Zin

Shops:
D:7 *

Annotations:
D:3 Umoon's ghost, amateur DDMo


Innate Abilities, Weirdness & Mutations

Your experience applies equally to all skills.
((You have very sharp teeth.))
Your uncanny sense of smell can sniff out nearby items.
You have a somewhat thin skeletal structure. (Dex +2, Stealth)


Message History

The eight-headed hydra closely misses your ice beast.
The eight-headed hydra bites your ice beast!
Your ice beast dies!
You turn into a tree.
Your +2 hat melds into your body.
Your +2 pair of gloves melds into your body.
Your +1 pair of boots melds into your body.
Your +1 ring mail of fire resistance melds into your body.
You feel less resistant to fire.
Your roots penetrate the ground.
The death yak gores you.
* * * LOW HITPOINT WARNING * * *
The spiny frog stings you but does no damage.
Okay, then.
You barely miss the death yak.
The death yak is lightly wounded.
The spiny frog stings you.
* * * LOW HITPOINT WARNING * * *
The death yak completely misses you.
You riposte.
You hit the death yak.
The death yak is lightly wounded.
The eight-headed hydra bites you!
You die...

..............P.......
.....###.................#...
b.>..#.#..................#..
.......#.....................
.................##..........
.............................
...............<.............
.................F...........
.##(....##......♣Y...†...#
####.####.#P#....D.###..## #
### ######.....# $.# #
#######P...## ...#
#####...P....>.# ...#
#..............# ?.##
##.P#P...##.#...# ...
##.###########..## #.. #.##
#.##


You could see a death yak, an eight-headed hydra and a spiny frog.

Vanquished Creatures
  3 death yaks
  An unseen horror (D:11)
  An ugly thing (D:11)
  A centaur zombie (D:11)
  A gargoyle (D:11)
  2 spiny frogs (Lair:2)
  2 komodo dragons
  2 trolls
  Grinder (D:4)
  Prince Ribbit (D:5)
  3 hippogriffs
  3 water elementals (D:11)
  5 yaks
  A steam dragon (D:11)
  6 water moccasins
  Edmund (D:4)
  2 orc warriors (D:11)
  A sky beast (D:10)
  An eye of draining (D:10)
  3 ice beasts
  2 ogres
  2 centaurs
  4 bullfrogs
  3 scorpions
  A crimson imp (D:8)
  A jelly (D:10)
  4 orc priests
  4 hounds
  A centaur skeleton (D:9)
  An iguana (D:8)
  A bullfrog skeleton (D:5)
  7 orc wizards
  2 hell rats (D:10)
  4 worker ants
  A hound zombie (D:8)
  A hound skeleton (D:8)
  A howler monkey skeleton (D:8)
  10 adders
  A shadow imp (D:5)
  An adder zombie (D:10)
  A worm (D:2)
  3 dart slugs
  4 leopard geckos
  20 orcs
  9 bats
  6 giant cockroaches
  4 goblins
  7 hobgoblins
  4 jackals (D:6)
  7 kobolds
  3 quokkas
  3 ball pythons
  4 frilled lizards (D:2)
  A leopard gecko skeleton (D:3)
  10 rats
179 creatures vanquished.

Vanquished Creatures (collateral kills)
  The ghost of cerealjynx the Thaumaturge, a journeyman GnWn of Okawaru (Lair:1)
  2 death yaks
  Pikel (D:7)
  A komodo dragon (Lair:2)
  2 hippogriffs
  A water elemental (D:11)
  A wyvern (D:8)
  5 yaks
  A soldier ant (D:11)
  Duvessa (D:7)
  A water moccasin (Lair:2)
  2 porcupines (Lair:2)
  A sky beast (D:7)
  2 orc warriors (D:11)
  An ice beast (D:6)
  A slave (D:7)
  An ogre (D:7)
  2 crocodiles (Lair:2)
  A centaur (D:8)
  7 bullfrogs
  Dowan (D:7)
  2 scorpions
  2 howler monkeys (D:7)
  A crimson imp (D:6)
  A quasit (D:6)
  8 orc priests
  3 orc wizards
  A hell rat (D:11)
  A worker ant (D:6)
  A howler monkey zombie (D:6)
  An adder (D:11)
  A leopard gecko (D:6)
  14 orcs
  A leopard gecko skeleton (D:6)
73 creatures vanquished.

Vanquished Creatures (others)
  A centaur (D:7)
  An iguana (D:7)
  A frilled lizard (D:2)
  A fungus (Lair:1)
  A plant (Lair:1)
5 creatures vanquished.

Grand Total: 257 creatures vanquished

Notes
Turn   | Place    | Note
-------+----------+-------------------------------------------
     0 | D:1      | wolfsongas the Gnoll Wizard began the quest for the Orb.
     0 | D:1      | Reached XP level 1. HP: 13/13 MP: 8/8
   238 | D:1      | Reached XP level 2. HP: 15/19 MP: 8/10
   883 | D:2      | Learned a level 2 spell: Blink
   900 | D:2      | Reached XP level 3. HP: 25/25 MP: 6/11
   982 | D:2      | Reached skill level 1 in Invocations
  1143 | D:2      | Found a radiant altar of Vehumet.
  1170 | D:2      | Reached skill level 1 in Fighting
  1170 | D:2      | Reached skill level 1 in Short Blades
  1170 | D:2      | Reached skill level 1 in Long Blades
  1170 | D:2      | Reached skill level 1 in Axes
  1170 | D:2      | Reached skill level 1 in Maces & Flails
  1170 | D:2      | Reached skill level 1 in Polearms
  1170 | D:2      | Reached skill level 1 in Staves
  1170 | D:2      | Reached skill level 1 in Slings
  1170 | D:2      | Reached skill level 1 in Bows
  1170 | D:2      | Reached skill level 1 in Crossbows
  1170 | D:2      | Reached skill level 1 in Throwing
  1170 | D:2      | Reached skill level 1 in Armour
  1170 | D:2      | Reached skill level 1 in Shields
  1170 | D:2      | Reached skill level 1 in Unarmed Combat
  1170 | D:2      | Reached skill level 1 in Evocations
  1223 | D:2      | Reached XP level 4. HP: 23/32 MP: 5/13
  1446 | D:2      | Found a blossoming altar of Fedhas.
  1968 | D:3      | Noticed Umoon's ghost (amateur DDMo)
  1975 | D:3      | Reached skill level 1 in Hexes
  1975 | D:3      | Reached skill level 1 in Charms
  1975 | D:3      | Reached skill level 1 in Necromancy
  1975 | D:3      | Reached skill level 1 in Transmutations
  1975 | D:3      | Reached skill level 1 in Fire Magic
  1975 | D:3      | Reached skill level 1 in Ice Magic
  1975 | D:3      | Reached skill level 1 in Air Magic
  1975 | D:3      | Reached skill level 1 in Earth Magic
  1975 | D:3      | Reached skill level 1 in Poison Magic
  2524 | D:3      | Found a shattered altar of Ashenzari.
  2745 | D:4      | Reached XP level 5. HP: 25/37 MP: 14/14
  3126 | D:4      | Reached XP level 6. HP: 13/44 MP: 16/16
  3448 | D:4      | Noticed Edmund
  3457 | D:4      | Killed Edmund
  3457 | D:4      | Reached skill level 5 in Dodging
  3582 | D:4      | Noticed Grinder
  3585 | D:4      | Killed Grinder
  3585 | D:4      | Reached XP level 7. HP: 51/51 MP: 18/18
  3668 | D:4      | Found an opulent altar of Gozag.
  3891 | D:4      | Found a staircase to the Ecumenical Temple.
  3905 | Temple   | Entered the Ecumenical Temple
  4054 | Temple   | Became a worshipper of Sif Muna the Loreminder
  4191 | D:5      | Entered Level 5 of the Dungeon
  4268 | D:5      | Reached skill level 5 in Stealth
  4307 | D:5      | Noticed Prince Ribbit
  4327 | D:5      | Killed Prince Ribbit
  4327 | D:5      | Reached XP level 8. HP: 36/57 MP: 19/19
  4502 | D:5      | Found a glowing silver altar of Zin.
  4589 | D:5      | Got a slimy robe
  4600 | D:5      | Identified the +1 robe of the Unbroken {SInv Stlth+} (You found it on level 5 of the Dungeon)
  4605 | D:5      | Learned a level 4 spell: Summon Ice Beast
  4618 | D:5      | Found a sparkling altar of Nemelex Xobeh.
  4842 | D:6      | Found an ornate altar of the Wu Jian Council.
  5369 | D:6      | Found an opulent altar of Gozag.
  5369 | D:6      | Found a hide-covered altar of Uskayaw.
  5507 | D:6      | Reached skill level 8 in Spellcasting
  5931 | D:7      | Reached XP level 9. HP: 65/65 MP: 20/21
  6022 | D:7      | Noticed Pikel
  6026 | D:7      | Paralysed by Pikel for 5 turns
  6032 | D:7      | Killed Pikel
  6032 | D:7      | Reached * piety under Sif Muna
  6036 | D:7      | Noticed Dowan
  6039 | D:7      | Noticed Duvessa
  6045 | D:7      | Killed Duvessa
  6049 | D:7      | Killed Dowan
  6333 | D:7      | Found a glowing silver altar of Zin.
  6338 | D:7      | Found an iron altar of Okawaru.
  6339 | D:7      | Got a warped robe
  6350 | D:7      | Identified the +0 robe of Chill Winds {*Corrode rN+ Int+3} (You found it on level 7 of the Dungeon)
  6485 | D:7      | Got a steaming leather armour
  6497 | D:7      | Identified the +2 leather armour "Osam" {rF+++ Str-2 Dex+5} (You found it on level 7 of the Dungeon)
  6617 | D:7      | Found Reahuer's Assorted Antiques.
  6901 | D:7      | Learned a level 4 spell: Summon Lightning Spire
  7009 | D:8      | Got a heavily runed ruby amulet
  7114 | D:8      | Identified the amulet of Ifriuveh {Reflect *Contam MR+ Str+3 SH+2} (You took it off a centaur on level 8 of the Dungeon)
  7183 | D:8      | Got a polished long sword
  7184 | D:8      | Identified the +11 long sword "Raheat" {antimagic, rPois rC- MR++ Dex+4} (You found it on level 8 of the Dungeon)
  7587 | D:8      | Found a bloodstained altar of Trog.
  7941 | D:9      | Found an iron altar of Okawaru.
  8169 | D:9      | Reached skill level 5 in Invocations
  8573 | D:10     | Entered Level 10 of the Dungeon
  8652 | D:10     | Reached XP level 10. HP: 73/73 MP: 4/22
  8655 | D:10     | Reached ** piety under Sif Muna
  8901 | D:10     | Reached skill level 5 in Fighting
  8901 | D:10     | Reached skill level 5 in Short Blades
  8901 | D:10     | Reached skill level 5 in Long Blades
  8901 | D:10     | Reached skill level 5 in Axes
  8901 | D:10     | Reached skill level 5 in Maces & Flails
  8901 | D:10     | Reached skill level 5 in Polearms
  8901 | D:10     | Reached skill level 5 in Staves
  8901 | D:10     | Reached skill level 5 in Slings
  8901 | D:10     | Reached skill level 5 in Bows
  8901 | D:10     | Reached skill level 5 in Crossbows
  8901 | D:10     | Reached skill level 5 in Throwing
  8901 | D:10     | Reached skill level 5 in Armour
  8901 | D:10     | Reached skill level 5 in Shields
  8901 | D:10     | Reached skill level 5 in Unarmed Combat
  8901 | D:10     | Reached skill level 5 in Evocations
  9103 | D:11     | Noticed a death yak
  9107 | D:11     | Noticed a death yak
  9403 | D:11     | Gained mutation: You have a somewhat thin skeletal structure. (Dex +2, Stealth) [potion of mutation]
  9510 | D:11     | Reached skill level 9 in Spellcasting
  9591 | D:11     | Noticed a brown ugly thing
  9606 | D:11     | Killed a brown ugly thing
  9606 | D:11     | Reached skill level 5 in Conjurations
  9606 | D:11     | Reached skill level 5 in Summonings
  9606 | D:11     | Reached skill level 5 in Translocations
 10196 | D:11     | Found a staircase to the Orcish Mines.
 10207 | D:11     | Reached *** piety under Sif Muna
 10270 | D:11     | Killed an unseen horror
 10270 | D:11     | Reached XP level 11. HP: 16/81 MP: 6/24
 10673 | D:11     | Found a staircase to the Lair.
 10681 | D:11     | Noticed a death yak
 11250 | D:11     | Killed a death yak
 11263 | D:11     | Killed a death yak
 11263 | D:11     | Reached skill level 5 in Hexes
 11263 | D:11     | Reached skill level 5 in Charms
 11263 | D:11     | Reached skill level 5 in Necromancy
 11263 | D:11     | Reached skill level 5 in Transmutations
 11263 | D:11     | Reached skill level 5 in Fire Magic
 11263 | D:11     | Reached skill level 5 in Ice Magic
 11263 | D:11     | Reached skill level 5 in Air Magic
 11263 | D:11     | Reached skill level 5 in Earth Magic
 11263 | D:11     | Reached skill level 5 in Poison Magic
 11278 | D:11     | HP: 4/81 [death yak (16)]
 11283 | D:11     | Killed a death yak
 11868 | Lair:1   | Entered Level 1 of the Lair of Beasts
 11869 | Lair:1   | Noticed cerealjynx's ghost (journeyman GnWn)
 11945 | Lair:1   | Killed cerealjynx's ghost
 13068 | Lair:2   | Noticed a death yak
 13068 | Lair:2   | Noticed a death yak
 13069 | Lair:2   | Noticed a death yak
 13772 | Lair:2   | Noticed an eight-headed hydra
 13773 | Lair:2   | Killed a death yak
 13779 | Lair:2   | Killed a death yak
 13779 | Lair:2   | Reached **** piety under Sif Muna
 13787 | Lair:2   | Slain by an eight-headed hydra

Vault maps used:
D:1:      saegor_arrival_simple_b
D:2:      fiery_altar_vehumet, overflow_temple_1_default
D:3:      nicolae_ashenzari_panopticon
D:4:      minmay_temple_entry_nine_rooms, grunt_gozag_breadcrumbs, uniq_grinder,
          uniq_crazy_yiuf_cottage, uniq_edmund
D:5:      nicolae_overflow_crystal_walls, first_ration, basic_altar,
          minmay_small_thing, uniq_prince_ribbit1
D:6:      lemuel_round_altar, gammafunk_temple_overflow_statue, grunt_tough_drop
D:7:      overflow_temple_1_default, serial_shops, nicolae_shop_crystal,
          basic_altar, grunt_ogre_cave, uniq_pikel, uniq_duvessa
D:8:      lemuel_crystal_altar
D:9:      kennysheep_mini_moat
D:11:     dpeg_lair_monsters, david_orc_2, nicolae_underground_beach
Temple:   minmay_temple_forest_path
Lair:2:   swamp_mist, grunt_forest_small_clearing_treed, lemuel_fruit_fields

Skill      XL: |  1  2  3  4  5  6  7  8  9 10 11 |
---------------+----------------------------------+-----
Conjurations   | 2 3 4 5 |  5.9
Summonings     | 2 3 4 5 |  5.9
Translocations | 2 3 4 5 |  5.9
Invocations    | 1 2 3 4 5 6 7 |  7.2
Fighting       | 1 2 3 4 5 6 |  6.6
Short Blades   | 1 2 3 4 5 6 |  6.6
Long Blades    | 1 2 3 4 5 6 |  6.6
Axes           | 1 2 3 4 5 6 |  6.6
Maces & Flails | 1 2 3 4 5 6 |  6.6
Polearms       | 1 2 3 4 5 6 |  6.6
Staves         | 1 2 3 4 5 6 |  6.6
Slings         | 1 2 3 4 5 6 |  6.6
Bows           | 1 2 3 4 5 6 |  6.6
Crossbows      | 1 2 3 4 5 6 |  6.6
Throwing       | 1 2 3 4 5 6 |  6.6
Armour         | 1 2 3 4 5 6 |  6.6
Shields        | 1 2 3 4 5 6 |  6.6
Unarmed Combat | 1 2 3 4 5 6 |  6.6
Evocations     | 1 2 3 4 5 6 |  6.6
Hexes          | 1 2 3 4 5 |  5.5
Charms         | 1 2 3 4 5 |  5.5
Necromancy     | 1 2 3 4 5 |  5.5
Transmutations | 1 2 3 4 5 |  5.5
Fire Magic     | 1 2 3 4 5 |  5.5
Ice Magic      | 1 2 3 4 5 |  5.5
Air Magic      | 1 2 3 4 5 |  5.5
Earth Magic    | 1 2 3 4 5 |  5.5
Poison Magic   | 1 2 3 4 5 |  5.5
Dodging        | 5 6 7 8 |  8.1
Stealth        | 5 6 7 |  7.9
Spellcasting   | 8 9 |  9.8

Action                   |  1- 3 |  4- 6 |  7- 9 | 10-12 || total
-------------------------+-------+-------+-------+-------++-------
Melee: Whip              |    26 |   197 |   156 |       ||   379
       Bite              |       |    22 |    12 |    45 ||    79
       Punch             |       |       |     2 |    10 ||    12
       Long sword        |       |       |    26 |   249 ||   275
 Cast: Magic Dart        |    54 |    21 |    96 |    30 ||   201
       Summon Ice Beast  |       |       |    23 |    25 ||    48
       Summon Lightning  |       |       |     1 |    26 ||    27
Invok: Divine Energy     |       |       |       |     1 ||     1
Evoke: Wand              |       |     1 |     1 |     2 ||     4
  Use: Scroll            |       |    13 |    13 |     5 ||    31
       Potion            |       |     8 |     1 |    13 ||    22
 Stab: Sleeping          |       |     1 |       |     3 ||     4
       Distracted        |       |       |     1 |     7 ||     8
  Eat: Chunk             |     1 |     4 |     5 |     2 ||    12
       Ration            |       |     1 |     4 |     5 ||    10
Armor: Robe              |     4 |     3 |    36 |       ||    43
       Plate armour      |       |   239 |    87 |       ||   326
       Leather armour    |       |       |    10 |   106 ||   116
       Ring mail         |       |       |       |    21 ||    21
       Skin              |       |       |       |     1 ||     1
Dodge: Dodged            |    37 |    33 |   101 |   221 ||   392
Block: Other             |       |       |     2 |    15 ||    17
       Rpst.: Long sword |       |       |     6 |    42 ||    48

Table legend:
 A = Spawn XP
 B = Non-spawn XP
 C = Spawn XP percentage of total XP
 D = Spawn monster count
 E = Non-spawn monster count
 F = Spawn count percentage of total count
 G = Total turns spent on level
                    A         B        C        D         E        F      G
               +---------+---------+-------+---------+---------+-------+---------
         Total |       0 |   17702 |   0.0 |       0 |     251 |   0.0 | 13787
               +---------+---------+-------+---------+---------+-------+---------
           D:1 |       0 |      30 |   0.0 |       0 |      18 |   0.0 |   879
           D:2 |       0 |      85 |   0.0 |       0 |      25 |   0.0 |   940
           D:3 |       0 |      33 |   0.0 |       0 |      12 |   0.0 |   806
           D:4 |       0 |     689 |   0.0 |       0 |      15 |   0.0 |  1378
           D:5 |       0 |     600 |   0.0 |       0 |      10 |   0.0 |   644
           D:6 |       0 |     737 |   0.0 |       0 |      34 |   0.0 |  1071
           D:7 |       0 |    1125 |   0.0 |       0 |      14 |   0.0 |   986
           D:8 |       0 |     741 |   0.0 |       0 |      11 |   0.0 |  1013
           D:9 |       0 |     184 |   0.0 |       0 |       3 |   0.0 |   666
          D:10 |       0 |    1889 |   0.0 |       0 |      30 |   0.0 |  1071
          D:11 |       0 |    6494 |   0.0 |       0 |      52 |   0.0 |  2224
        Lair:1 |       0 |    2124 |   0.0 |       0 |      10 |   0.0 |   836
        Lair:2 |       0 |    2971 |   0.0 |       0 |      17 |   0.0 |  1083
               +---------+---------+-------+---------+---------+-------+---------
